 Dungeon Crawl Stone Soup version 0.18-a0-414-g5ba3a66 (webtiles) character file.

525 adwarf7 the Spry (level 7, -1/32 HPs)
             Began as a Spriggan Artificer on Dec 2, 2015.
             Succumbed to a gnoll sergeant's poison
             ... on level 4 of the Dungeon.
             The game lasted 00:20:51 (3579 turns).

adwarf7 the Spry (Spriggan Artificer)               Turns: 3579, Time: 00:20:51

Health: -1/32      AC:  3    Str: 12    XL:     7   Next: 2%
Magic:  4/11       EV: 39    Int: 14    God:
Gold:   86         SH:  0    Dex: 18    Spells: 0 memorised, 6 levels left

rFire  . . .     SeeInvis +     a - +0 short sword
rCold  . . .     Clarity  .     b - +0 robe
rNeg   . . .     SustAt   .     (shield restricted)
rPois  .         Gourm    .     (helmet restricted)
rElec  .         Spirit   +     k - +0 cloak
rCorr  .         Dsmss    .     (gloves unavailable)
rMut   .         Stasis   .     (boots unavailable)
MR     +....                    t - amulet of guardian spirit
Stlth  ++++......               (no ring)
                                h - +4 ring of evasion

@: mighty, lethally poisoned (-1 -> -24), very quick, somewhat resistant to
hostile enchantments, stealthy
A: unfitting armour, see invisible, herbivore 3, speed 3, slow metabolism 2
a: no special abilities


You were on level 4 of the Dungeon.
You were not hungry.

You visited 1 branch of the dungeon, and saw 4 of its levels.

You collected 86 gold pieces.

Inventory:

Hand Weapons
 a - a +0 short sword (weapon)
Armour
 b - a +0 robe (worn)
 k - a +0 cloak (worn)
Jewellery
 h - a +4 ring of evasion (left hand)
 t - an amulet of guardian spirit (around neck)
Wands
 c - a wand of flame (13)
 d - a wand of enslavement (20)
 e - a wand of random effects (14)
Scrolls
 i - a scroll of remove curse
 l - a scroll of fog
 n - a scroll of recharging
Potions
 g - a potion of degeneration
 m - a potion of haste {unknown}
 p - 2 potions of flight
Comestibles
 f - a bread ration


   Skills:
 - Level 0.7 Fighting
 - Level 1.4 Short Blades
 - Level 19.6 Dodging
 * Level 6.8 Stealth
 - Level 4.0 Evocations


You had 6 spell levels left.
You didn't know any spells.

Dungeon Overview and Level Annotations

Branches:
Dungeon (4/15)
 Temple: D:4-7

Altars:

Annotations:
D:3 Sigmund


Innate Abilities, Weirdness & Mutations

You are tiny and cannot use many weapons and most armour.
You have supernaturally acute eyesight.
You are a herbivore.
You cover ground extremely quickly.
You need consume almost no food.


Message History

You have reached level 7!
You feel less invigorated.
You feel less confused.
* * * LOW HITPOINT WARNING * * *
You feel sick. The gnoll completely misses you.
The gnoll sergeant completely misses you.
The gnoll shaman misses you.
A gnoll comes into view. It is wielding a halberd.
It was a potion of might.
You feel very mighty all of a sudden.
* * * LOW HITPOINT WARNING * * *
You feel sick. The gnoll completely misses you.
The gnoll moves out of view.
The gnoll misses you. The gnoll completely misses you.
The gnoll sergeant completely misses you.
The gnoll completely misses you. The gnoll shaman hits you with a whip.
* * * LOW HITPOINT WARNING * * *
As you read the scroll labeled WEMMAN MAFUA, it crumbles to dust.
You feel aware of your surroundings.
You sensed 1 shop/portal.
It was a scroll of magic mapping.
You die...

≈≈≈≈≈≈≈≈≈≈≈≈≈≈≈≈≈≈≈≈≈≈≈≈≈≈≈≈≈≈≈≈≈
≈≈≈≈≈≈≈≈≈≈≈≈≈≈≈≈≈≈≈≈≈≈≈≈≈≈≈≈≈≈≈≈≈
****≈≈≈≈≈≈≈≈≈≈≈≈≈≈≈≈≈≈≈≈≈≈≈≈≈≈≈≈*
,,,*,,,,,,,,,,,,,,,,,,,,,,,,,,,,*
,,,************###*####********'*
**+*,,,,+,,,,*,.:##)..* *,,,,*
,*,*,,,,*#####*#.gg.#*******,,,,*
,*,*,,,,,......#ggg.#...,,,,,,,,*
,*,**++*,.....gg@gg.....,,,,*''**
,*,,,,,*,g....g..≈g.....,,,,*,,,,
,*,,,,,*,......#....#...,,,,*,,,,
,*,*****+############**#***'*****
,*,*,,,*,,,,,,,+,,,,+,,,,,,,*,,,*
,*,,,*,*,,,,,,,*,,,,*,,,,,,,*,*,.
**+*,,,*,,,,,,,*,,,,*,,,,,,,*,,,#
,,,*************''''#############
,,,*,,,,,,,,,,,,,,,.............#


You could see a gnoll sergeant, 2 gnoll shamans and 9 gnolls.

Vanquished Creatures
  A hound skeleton (D:4)
  A gnoll (D:4)
  6 adders
  2 oozes
  An adder zombie (D:3)
  An orc (D:3)
  A ball python (D:2)
  5 bats
  4 giant cockroaches
  2 hobgoblins (D:1)
  4 jackals
  9 kobolds
  A giant gecko (D:3)
  A giant newt (D:1)
  3 goblins
  A quokka (D:3)
  8 rats
51 creatures vanquished.

Vanquished Creatures (collateral kills)
  A bat (D:3)
  A kobold (D:2)
2 creatures vanquished.

Vanquished Creatures (others)
  A hobgoblin (D:3)
  A jackal (D:3)
  A bat (D:3)
3 creatures vanquished.

Grand Total: 56 creatures vanquished

Notes
Turn   | Place    | Note
--------------------------------------------------------------
     0 | D:1      | adwarf7 the Spriggan Artificer began the quest for the Orb.
     0 | D:1      | Reached XP level 1. HP: 9/9 MP: 4/4
   664 | D:1      | Reached XP level 2. HP: 14/14 MP: 6/6
  1681 | D:2      | Reached XP level 3. HP: 7/17 MP: 7/7
  2335 | D:3      | Reached XP level 4. HP: 11/21 MP: 8/8
  2556 | D:3      | Reached skill level 5 in Stealth
  2727 | D:3      | Noticed Sigmund
  3391 | D:3      | Reached skill level 6 in Stealth
  3503 | D:4      | Reached XP level 5. HP: 11/25 MP: 4/9
  3576 | D:4      | Reached skill level 16 in Dodging
  3576 | D:4      | Reached XP level 6. HP: 4/29 MP: 3/10
  3576 | D:4      | HP: 1/29 [gnoll/whip (4)]
  3577 | D:4      | Reached skill level 19 in Dodging
  3577 | D:4      | Reached XP level 7. HP: 1/32 MP: 3/11
  3579 | D:4      | Succumbed to a gnoll sergeant's poison

Vault maps used:
D:1:      dpeg_arrival_refuge, serial_glass, glass_columns_a, glass_columns_a,
          serial_park_tiny_1
D:3:      roderic_serpentine_path, uniq_sigmund
D:4:      lemuel_castle_with_subvaults, gup_sewer_entry_bubbles, first_bread

Action                   |  1- 3 |  4- 6 |  7- 9 || total
-------------------------+-------+-------+-------++-------
Melee: Short sword       |   108 |   114 |       ||   222
Evoke: Wand              |     2 |     6 |       ||     8
  Use: Scroll            |     6 |     5 |     1 ||    12
       Potion            |     3 |     4 |     1 ||     8
 Stab: Sleeping          |    12 |     6 |       ||    18
